 Dungeon Crawl Stone Soup version 0.18-a0-1121-gb454403 (webtiles) character file.

291 Chiseanne the Skirmisher (level 6, -1/52 HPs)
             Began as a Centaur Air Elementalist on Jan 18, 2016.
             Shot with a sling bullet by a hobgoblin (3 damage)
             ... on level 3 of the Dungeon.
             The game lasted 00:07:54 (4775 turns).

Chiseanne the Skirmisher (Centaur Air Elementalist) Turns: 4775, Time: 00:07:54

Health: -1/52      AC:  8    Str: 11    XL:     6   Next: 10%
Magic:  0/8        EV:  3    Int: 16    God:
Gold:   195        SH:  7    Dex:  9    Spells: 1 memorised, 7 levels left

rFire  . . .     SeeInvis .     a - +3 whip (flame)
rCold  . . .     Gourm    .     i - -2 ring mail (curse)
rNeg   . . .     Faith    .     g - +0 shield
rPois  .         Spirit   +     (no helmet)
rElec  .         Dismiss  .     (no cloak)
rCorr  .         Reflect  .     (no gloves)
SustAt .         Harm     .     o - +0 centaur barding
MR     .....                    p - amulet of guardian spirit
Stlth  ..........               (no ring)
                                (no ring)

@: lethally poisoned (-1 -> -17), very quick, not resistant to hostile
enchantments, extremely unstealthy
A: hooves 3, deformed body, speed 2, tough skin 3
a: no special abilities


You were on level 3 of the Dungeon.
You were not hungry.

You visited 1 branch of the dungeon, and saw 3 of its levels.

You collected 195 gold pieces.

Inventory:

Hand Weapons
 a - a +3 whip of flaming (weapon)
Missiles
 d - 10 bolts
 n - 4 curare-tipped needles
 s - 10 poisoned bolts
 v - 15 poisoned needles
 w - 2 javelins (quivered)
Armour
 f - a +0 robe
 g - a +0 shield (worn)
 i - a cursed -2 ring mail (worn)
 o - a +0 centaur barding (worn)
Jewellery
 j - an uncursed amulet of magic regeneration {unknown}
 m - an uncursed ring of ice {unknown}
 p - an amulet of guardian spirit (around neck)
 u - an uncursed ring of protection from cold {unknown}
Scrolls
 e - a scroll of amnesia
Potions
 h - 2 potions of lignification
 k - a potion of curing
 q - a potion of resistance
 r - a potion of haste {unknown}
Books
 b - a book of Air

   Spells                             Type                      Level
   a - Shock                          Conjuration/Air              1
   b - Swiftness                      Charms/Air                   2
   c - Repel Missiles                 Charms/Air                   2
   d - Static Discharge               Conjuration/Air              3
   e - Lightning Bolt                 Conjuration/Air              5
Comestibles
 c - 3 bread rations
 l - a beef jerky
 t - a chunk of flesh


   Skills:
 * Level 4.1 Fighting
 * Level 2.2 Armour
 - Level 1.3 Dodging
 - Level 1.2 Stealth
 * Level 1.8 Shields
 - Level 1.5 Spellcasting
 - Level 0.8 Conjurations
 - Level 2.6 Air Magic


You had 7 spell levels left.
You knew the following spells:

 Your Spells              Type           Power        Failure   Level  Hunger
a - Shock                 Conj/Air       #...         94%         1    ##.....


Dungeon Overview and Level Annotations

Branches:
Dungeon (3/15)

Altars:
Fedhas
Makhleb

Annotations:
D:3 Chiseanne's ghost, amateur CeAE


Innate Abilities, Weirdness & Mutations

You have hooves in place of feet.
Armour fits poorly on your strangely shaped body.
You cover ground very quickly.
You have extremely tough skin (AC +3).


Message History

You see here a sling bullet.
You feel sick.
The kobold shoots a poisoned needle.
The poisoned needle hits you!
You are lethally poisoned!
The goblin shoots a stone.
The stone hits you.
* * * LOW HITPOINT WARNING * * *
You see here a poisoned needle.
The hobgoblin shoots a sling bullet.
The sling bullet hits you.
* * * LOW HITPOINT WARNING * * *
The kobold shoots a poisoned needle.
The poisoned needle hits you!
You are more poisoned.
You see here a sling bullet.
* * * LOW HITPOINT WARNING * * *
You feel sick.
There is an open door here.
* * * LOW HITPOINT WARNING * * *
You feel sick.
The kobold shoots a poisoned needle.
The poisoned needle barely misses you.
The hobgoblin shoots a sling bullet.
The sling bullet hits you.
You die...

.≈.(.≈≈..≈≈.≈≈≈≈≈≈≈≈≈≈≈≈≈.≈≈..≈≈≈
..≈≈≈≈≈≈≈≈≈≈≈≈≈≈≈≈≈≈≈≈≈≈≈≈≈≈≈≈≈≈≈
..≈≈≈≈≈≈≈≈≈≈≈≈≈≈≈≈≈≈≈≈≈≈≈≈≈≈≈≈≈≈≈
..≈≈≈≈≈≈≈≈≈≈≈≈≈≈≈≈≈≈≈≈≈≈≈≈#####≈≈
########################### ≈≈
.#......)#.....## ##..((..# ≈≈
.#......)).)....###.((.().#
.#########.).....#...g.g(.##+#
..#.......))....@#((g(gK(....#
..'..............'(..K..K....#
..#..............#.....g.....#
.#########)......#.....K..##K#
.#.......)......###.......# $.#
.#.......#)....## ##......# K#
################ ######## #


You could see a big kobold, a hobgoblin and a kobold.

Vanquished Creatures
  7 gnolls
  8 adders
  An ooze (D:1)
  A worm (D:2)
  4 giant geckos
  An orc (D:3)
  4 giant cockroaches
  40 goblins
  17 hobgoblins
  10 jackals
  11 kobolds
  3 quokkas (D:2)
  8 bats
  4 giant newts
  11 rats
130 creatures vanquished.

Notes
Turn   | Place    | Note
--------------------------------------------------------------
     0 | D:1      | Chiseanne the Centaur Air Elementalist began the quest for the Orb.
     0 | D:1      | Reached XP level 1. HP: 14/14 MP: 3/3
    77 | D:1      | Reached skill level 1 in Fighting
   255 | D:1      | Reached XP level 2. HP: 23/23 MP: 4/4
   865 | D:1      | Reached XP level 3. HP: 30/30 MP: 5/5
  2121 | D:1      | Reached skill level 3 in Fighting
  2230 | D:1      | Reached XP level 4. HP: 22/38 MP: 4/6
  2378 | D:2      | Reached skill level 1 in Armour
  3157 | D:2      | Reached skill level 1 in Shields
  3548 | D:2      | Reached XP level 5. HP: 17/45 MP: 2/7
  3933 | D:3      | Found a burning altar of Makhleb.
  3934 | D:3      | Found a blossoming altar of Fedhas.
  4041 | D:3      | Noticed Chiseanne's ghost (amateur CeAE)
  4415 | D:3      | Reached skill level 4 in Fighting
  4664 | D:3      | Reached XP level 6. HP: 40/52 MP: 5/8
  4775 | D:3      | HP: 2/52 [poisoned by a kobold]
  4775 | D:3      | Shot with a sling bullet by a hobgoblin

Vault maps used:
D:1:      dpeg_arrival_boxorama, minmay_stone_trees_medium
D:2:      serial_park_tiny_pond
D:3:      minmay_goblin_kobold_castle, gammafunk_temple_overflow_pools

Action                   |  1- 3 |  4- 6 || total
-------------------------+-------+-------++-------
Melee: Whip              |   134 |   296 ||   430
 Cast: Shock             |     3 |       ||     3
  Use: Scroll            |     6 |     4 ||    10
       Potion            |       |     3 ||     3
  Eat: Chunk             |     3 |     8 ||    11
